 Dungeon Crawl Stone Soup version 0.19-a0-975-gfff5315 (webtiles) character file.

94 HAL9000 the Ruffian (level 4, 0/35 HPs)
             Began as a Draconian Transmuter on July 13, 2016.
             Slain by a hobgoblin
             ... wielding a +0 club
             ... led by Robin
              (3 damage)
             ... on level 2 of the Dungeon.
             The game lasted 00:05:33 (2000 turns).

HAL9000 the Ruffian (Draconian Transmuter)          Turns: 2000, Time: 00:05:33

Health: 0/35       AC:  5    Str: 12    XL:     4   Next: 38%
Magic:  7/7        EV: 12    Int: 15    God:
Gold:   143        SH:  0    Dex: 11    Spells: 3 memorised, 1 level left

rFire  . . .     SeeInvis .       - Unarmed
rCold  . . .     Gourm    .     (armour unavailable)
rNeg   . . .     Faith    .     (no shield)
rPois  .         Spirit   .     (helmet restricted)
rElec  .         Dismiss  .     (no cloak)
rCorr  .         Reflect  .     (no gloves)
SustAt .         Harm     .     (no boots)
MR     .....                    (no amulet)
Stlth  +.........               (no ring)
                                m - ring of flight

@: flying, not resistant to hostile enchantments, very unstealthy
A: unfitting armour, cold-blooded, AC +5
a: no special abilities


You were on level 2 of the Dungeon.
You were hungry.

You visited 1 branch of the dungeon, and saw 2 of its levels.

You collected 143 gold pieces.

Inventory:

Missiles
 a - 9 arrows
Jewellery
 m - a ring of flight (left hand)
Scrolls
 f - a scroll of remove curse {unknown}
 h - a scroll of random uselessness {unknown}
 i - a scroll of noise {unknown}
 k - 2 scrolls of identify {unknown}
Potions
 d - a potion of flight
 e - a potion of curing {unknown}
 g - a potion of haste {unknown}
 o - a potion of agility {unknown}
Books
 b - a book of Changes

   Spells                             Type                      Level
   a - Beastly Appendage              Transmutation                1
   b - Sticks to Snakes               Transmutation                2
   c - Spider Form                    Transmutation/Poison         3
   d - Ice Form                       Ice/Transmutation            4
   e - Blade Hands                    Transmutation                5
Comestibles
 c - 2 bread rations
 n - a slice of pizza
 q - 2 beef jerkies


   Skills:
 - Level 1.1 Fighting
 - Level 1.7 Dodging
 + Level 4.1 Unarmed Combat
 - Level 2.0 Spellcasting
 + Level 3.7 Transmutations


You had one spell level left.
You knew the following spells:

 Your Spells              Type           Power        Failure   Level  Hunger
a - Beastly Appendage     Tmut           ##....       6%          1    #......
b - Sticks to Snakes      Tmut           ##......     10%         2    ###....
c - Spider Form           Tmut/Pois      #.........   34%         3    ###....


Dungeon Overview and Level Annotations

Branches:
Dungeon (2/15)

Altars:
Ashenzari

Annotations:
D:2 Robin


Innate Abilities, Weirdness & Mutations

Your plain brown scales are hard. (AC +5)
Your body does not fit into most forms of armour.
You are cold-blooded and may be slowed by cold attacks.


Message History

The goblin hits you but does no damage. The hobgoblin hits you with a club.
You closely miss the goblin.
The goblin is severely wounded.
The goblin hits you with a dagger.
* * * LOW HITPOINT WARNING * * *
The hobgoblin barely misses you.
Unknown command.
You hit the goblin but do no damage.
The goblin is severely wounded.
Robin roars a battlecry!
The goblin hits you with a dagger.
* * * LOW HITPOINT WARNING * * *
The hobgoblin misses you.
Unknown command.
Okay, then.
It was a potion of flight.
You feel very buoyant.
You fly up into the air.
The goblin hits you but does no damage. The hobgoblin hits you with a club.
You die...

......###############
..l.. ........†.....
.... ........#.8### .g#
#######'###### #g#
#.....†...[..( #g#
≈≈≈≈≈≈≈≈≈≈≈≈≈≈ #g#
≈≈≈≈≈≈≈≈≈≈≈≈≈≈ #g#
#............. #@#
############## #g## ..#
#..# #.### ####..#
##... ##.....# ##.###
##......# ##.## #
#.......#########.#####
#..........#....#.#....
#.........#............


You could see Robin, a hobgoblin, 4 goblins and a giant newt (wandering).

Vanquished Creatures
  An adder (D:2)
  A worm (D:2)
  A dart slug (D:1)
  2 giant geckos
  A ball python (D:2)
  4 bats
  6 giant cockroaches
  5 goblins
  8 hobgoblins
  2 jackals (D:1)
  5 kobolds
  A giant newt (D:1)
  4 rats
  A fungus (D:1)
42 creatures vanquished.

Vanquished Creatures (collateral kills)
  Natasha (D:2)
  An adder (D:1)
  2 bats
  A hobgoblin (D:1)
5 creatures vanquished.

Vanquished Creatures (others)
  A goblin (D:2)
1 creature vanquished.

Grand Total: 48 creatures vanquished

Notes
Turn   | Place    | Note
-------+----------+-------------------------------------------
     0 | D:1      | HAL9000 the Draconian Transmuter began the quest for the Orb.
     0 | D:1      | Reached XP level 1. HP: 16/16 MP: 3/3
   152 | D:1      | Reached XP level 2. HP: 18/23 MP: 3/5
   165 | D:1      | Learned a level 2 spell: Sticks to Snakes
   456 | D:1      | Reached XP level 3. HP: 15/28 MP: 4/6
   902 | D:2      | Found a faded altar of an unknown god.
   902 | D:2      | Noticed Robin
  1078 | D:1      | Learned a level 3 spell: Spider Form
  1284 | D:2      | Found a shattered altar of Ashenzari.
  1514 | D:2      | Reached XP level 4. HP: 34/35 MP: 5/7
  1523 | D:2      | Noticed Natasha
  1537 | D:2      | Killed Natasha
  1537 | D:2      | Reached skill level 4 in Unarmed Combat
  2000 | D:2      | Slain by a hobgoblin

Vault maps used:
D:1:      minmay_arrival_diagonal_passages, hangedman_feature_mirror,
          minmay_gold_behind_fungi, minmay_misc_feat_pillars,
          minmay_misc_feat_four_crosses
D:2:      wad_river_or_something, ecumenical_altar_1, evilmike_ruin_ashenzari,
          uniq_natasha, uniq_robin

Skill      XL: |  1  2  3  4 |
---------------+-------------+-----
Transmutations | 3 |  3.7
Unarmed Combat | 4 |  4.1
Fighting       | |  1.1
Dodging        | |  1.7
Spellcasting   | |  2.0

Action                   |  1- 3 |  4- 6 || total
-------------------------+-------+-------++-------
Melee: Unarmed           |   185 |    31 ||   216
       Headbutt          |     6 |       ||     6
       Kick              |    24 |     1 ||    25
       Tailslap          |    16 |     2 ||    18
       Punch             |     2 |     1 ||     3
 Cast: Beastly Appendage |    29 |     3 ||    32
       Sticks to Snakes  |     2 |     1 ||     3
  Use: Potion            |       |     1 ||     1
  Eat: Chunk             |     3 |     1 ||     4
Armor: Skin              |    53 |    11 ||    64
Dodge: Dodged            |   114 |    37 ||   151
